 Dungeon Crawl Stone Soup version 0.28.0-45-g0d030f2227 (webtiles) character file.

Game seed: 16373385055873113165

96 ZappyNine the Charlatan (level 4, -10/27 HPs)
             Began as a Kobold Artificer on Apr 22, 2022.
             Mangled by Crazy Yiuf
             ... wielding a +2 quarterstaff of chaos
              (11 damage)
             ... on level 2 of the Dungeon.
             The game lasted 00:02:52 (4015 turns).

ZappyNine the Charlatan (Kobold Artificer)          Turns: 4015, Time: 00:02:53

Health: -10/27     AC:  4    Str: 11    XL:     4   Next: 98%
Magic:  4/4        EV: 14    Int: 12    God:
Gold:   71         SH:  4    Dex: 15    Spells: 3/3 levels left

rFire   . . .      SeeInvis .   j - +0 dagger
rCold   . . .      Faith    .   w - +0 buckler
rNeg    . . .      Spirit   .   b - +0 leather armour
rPois   .          Reflect  .   (no helmet)
rElec   .          Harm     .   (no cloak)
rCorr   .          Rampage  .   (no gloves)
Will    .....                   u - +0 pair of boots
Stlth   +++.......              (no amulet)
HPRegen 0.09/turn               (no ring)
MPRegen 0.09/turn               (no ring)

@: lethally poisoned (-10 -> -14)
A: small, no large weapons, nightstalker 3
a: no special abilities


You were on level 2 of the Dungeon.
You visited 1 branch of the dungeon, and saw 2 of its levels.

You collected 71 gold pieces.

Inventory:

Hand Weapons
 j - a +0 dagger (weapon)
Missiles
 h - 6 poisoned darts
Armour
 b - a +0 leather armour (worn)
 u - a +0 pair of boots (worn)
 w - a +0 buckler (worn)
Jewellery
 f - a ring of ice
 q - a ring of positive energy
 s - an amulet of guardian spirit
Wands
 c - a wand of flame (5) (quivered)
 d - a wand of charming (15)
Scrolls
 a - a scroll of immolation {unknown}
 i - 2 scrolls of identify {unknown}
 p - a scroll of teleportation {unknown}
 r - a scroll of summoning {unknown}
 v - a scroll of vulnerability {unknown}
Potions
 g - a potion of degeneration {unknown}
 k - a potion of curing {unknown}
 l - a potion of haste {unknown}
 m - a potion of cancellation {unknown}
 n - a potion of brilliance {unknown}
 o - a potion of lignification {unknown}
 t - a potion of heal wounds {unknown}
Miscellaneous
 e - a piece from Xom's chessboard (15/15)


   Skills:
 + Level 2.3 Fighting
 - Level 0.8 Armour
 + Level 3.5 Dodging
 + Level 3.3 Stealth
 + Level 4.4 Evocations


You had 3 spell levels left.
You didn't know any spells.
Your spell library contained the following spells:

 Spells                   Type           Power      Damage    Failure   Level
 Ozocubu's Armour         Ice            0%         N/A       90%         3
 Stone Arrow              Conj/Erth      0%         3d7       90%         3
 Animate Armour           Summ/Erth      0%         N/A       100%        4
 Ozocubu's Refrigeration  Ice            0%         4d5       100%        7
 Lehudib's Crystal Spear  Conj/Erth      0%         10d2      100%        8


Dungeon Overview and Level Annotations

Branches:
Dungeon (2/15)

Altars:

Annotations:
D:2 Crazy Yiuf


Innate Abilities, Weirdness & Mutations

You are small and have problems with some larger weapons.
You are completely attuned to the shadows.


Message History

You are lethally poisoned!
You hit Crazy Yiuf but do no damage.
Crazy Yiuf is heavily wounded.
You feel very sick.
Crazy Yiuf drinks a potion.
Crazy Yiuf seems to grow stronger.
You closely miss Crazy Yiuf.
Crazy Yiuf is heavily wounded.
* * * LOW HITPOINT WARNING * * *
You feel very sick. Crazy Yiuf completely misses you.
You hit Crazy Yiuf.
Crazy Yiuf is severely wounded.
* * * LOW HITPOINT WARNING * * *
You feel very sick.
Crazy Yiuf screams, "Castle snockshim sallow!"
Crazy Yiuf misses you.
You hit Crazy Yiuf but do no damage.
Crazy Yiuf is severely wounded.
* * * LOW HITPOINT WARNING * * *
You feel sick.
Crazy Yiuf says, "Castle!"
Crazy Yiuf misses you.
Unknown command.
Aiming: Throw Flame
Press: ? - help, Shift-Dir - straight line, f - Crazy Yiuf
Aim: Crazy Yiuf, wielding a +2 quarterstaff of chaos and wearing a +0 cloak (severely wounded, strong, 77% to hit)
The puff of flame misses Crazy Yiuf.
* * * LOW HITPOINT WARNING * * *
You feel sick. Crazy Yiuf closely misses you.
Unknown command.
Unknown command.
Aiming: Throw Flame
Press: ? - help, Shift-Dir - straight line, f/p - Crazy Yiuf
Aim: Crazy Yiuf, wielding a +2 quarterstaff of chaos and wearing a +0 cloak (severely wounded, strong, 77% to hit)
The puff of flame hits Crazy Yiuf.
Crazy Yiuf is almost dead.
* * * LOW HITPOINT WARNING * * *
You feel sick.
Crazy Yiuf hits you with a +2 quarterstaff of chaos!
You die...

#.# #.# # #.# #.#
# #.# #.# # #.#
### # #.# #
#.######## #
#.##...#.########
#.......#..##...#
#############
#......####.'.@g#
#..........<.
##.#..## ###..)#
#############
###### #####


You could see Crazy Yiuf (strong).

Vanquished Creatures
  Robin (D:2)
  An adder (D:2)
  2 dart slugs (D:1)
  5 ball pythons (D:1)
  4 bats
  5 endoplasms
  4 hobgoblins (D:2)
  11 jackals
  A quokka (D:1)
  3 frilled lizards (D:1)
  16 goblins
  4 kobolds (D:1)
  11 rats
68 creatures vanquished.

Notes
Turn   | Place    | Note
-------+----------+-------------------------------------------
     0 | D:1      | ZappyNine the Kobold Artificer began the quest for the Orb.
     0 | D:1      | Reached XP level 1. HP: 12/12 MP: 1/1
   204 | D:1      | Reached XP level 2. HP: 15/16 MP: 2/2
   955 | D:1      | Reached skill level 4 in Evocations
   955 | D:1      | Reached XP level 3. HP: 18/21 MP: 3/3
  1816 | D:2      | Noticed Robin
  1896 | D:2      | Reached XP level 4. HP: 12/26 MP: 4/4
  2183 | D:2      | Killed Robin
  2263 | D:2      | Found a faded altar of an unknown god.
  3403 | D:2      | Found a runed translucent door.
  3406 | D:2      | Noticed Crazy Yiuf
  4015 | D:2      | HP: 1/27 [poisoned by Crazy Yiuf]
  4015 | D:2      | Mangled by Crazy Yiuf

Illustrated notes

Levels and vault maps discovered:
D:1:      onia_arrival_handbag, layout_basic, minmay_surrounded
D:2:      layout_basic, shapermc_ecumenical_altar_mp_highgroup, uniq_robin,
          uniq_crazy_yiuf_cottage

Skill      XL: |  1  2  3  4 |
---------------+-------------+-----
Stealth        | 2 3 |  3.3
Evocations     | 4 |  4.4
Dodging        | 3 |  3.5
Fighting       | 2 |  2.3
Armour         | |  0.8

Action                   |  1- 3 |  4- 6 || total
-------------------------+-------+-------++-------
Melee: Club              |    59 |       ||    59
       Dagger            |    94 |    96 ||   190
       Punch             |     2 |     1 ||     3
Evoke: Wand              |     2 |     8 ||    10
 Stab: Sleeping          |    20 |     4 ||    24
Armor: Leather armour    |    32 |    32 ||    64
Dodge: Dodged            |   116 |   126 ||   242
